 Dungeon Crawl Stone Soup version 0.30-a0-242-g7bf8e6d787 (webtiles) character file.

Game seed: 1940473409564258130

63 purpskrrrp the Conjurer (level 3, 0/21 (27) HPs)
             Began as a Demonspawn Reaver on Oct 11, 2022.
             Succumbed to an adder's poison
             ... on level 2 of the Dungeon.
             The game lasted 00:01:45 (1593 turns).

purpskrrrp the Conjurer (Demonspawn Reaver)         Turns: 1593, Time: 00:01:46

HP:   0/21 (27)     AC:  5    Str: 14    XL:     3   Next: 89%
MP:   3/6           EV: 11    Int: 14    God:
Gold: 55            SH:  0    Dex: 11    Spells: 5/6 levels left

rFire   . . .      SeeInvis .    a - +0 hand axe
rCold   . . .      Faith    .    (no shield)
rNeg    . . .      Spirit   .    b - +0 leather armour
rPois   .          Reflect  .    (no helmet)
rElec   .          Harm     .    (no cloak)
rCorr   .          Rampage  .    (no gloves)
Will    .....                    (no boots)
Stlth   +.........               (no amulet)
HPRegen 0.23/turn                (no ring)
MPRegen 0.10/turn                (no ring)

@: lethally poisoned (0 -> -1), flying, very slightly contaminated, heavily
drained
A: slimy green scales 1, demonic magic 1
a: no special abilities


You were on level 2 of the Dungeon.
You visited 1 branch of the dungeon, and saw 2 of its levels.

You collected 55 gold pieces.

Inventory:

Hand Weapons
 a - a +0 hand axe (weapon)
Armour
 b - a +0 leather armour (worn)
Jewellery
 f - a +6 ring of dexterity
Scrolls
 c - 2 scrolls of teleportation {unknown}
 e - a scroll of amnesia {unknown}
 g - 2 scrolls of magic mapping {unknown}
Potions
 d - a potion of flight
 h - a potion of heal wounds {unknown}


   Skills:
 + Level 2.3 Fighting
 * Level 3.2 Axes
 + Level 2.1 Dodging
 + Level 2.2 Spellcasting
 + Level 3.3 Conjurations
 * Level 1.6 Necromancy


You had 5 spell levels left.
You knew the following spells:

 Your Spells              Type           Power      Damage    Failure   Level
a - Kiss of Death         Conj/Necr      32%        2d7       11%         1

Your spell library contained the following spells:

 Spells                   Type           Power      Damage    Failure   Level
 Necrotise                Necr           24%        1d5       16%         1
 Momentum Strike          Conj/Tloc      12%        3d8       22%         2
 Hailstorm                Conj/Ice       6%         3d4       41%         3
 Vampiric Draining        Necr           6%         2d6       41%         3
 Agony                    Necr           6%         N/A       99%         5


Dungeon Overview and Level Annotations

Branches:
Dungeon (2/15)

Altars:

Annotations:
D:2 1 runed translucent door, Crazy Yiuf


Innate Abilities, Weirdness & Mutations

You are partially covered in slimy green scales. (AC +2)
Spells you cast may paralyse adjacent enemies.


Message History

Aiming: Kiss of Death (safe; 12% risk of failure)
Press: ? - help, Shift-Dir - straight line, f - Terence
Aim: Terence, wielding a +0 hand axe and wearing a +0 scale mail (100% to hit)
The negative energy hits Terence!
Terence is drained!
Terence is heavily wounded.
You feel drained. Malevolent energies surge around you.
Terence suddenly stops moving!
You feel sick. The adder bites you but does no damage.
Casting: Kiss of Death (safe; 12% risk of failure)
Confirm with . or Enter, or press ? or * to list all spells.
Aiming: Kiss of Death (safe; 12% risk of failure)
Press: ? - help, Shift-Dir - straight line, f/p - Terence
Aim: Terence, wielding a +0 hand axe and wearing a +0 scale mail (heavily wounded, paralysed, heavily drained, 100% to hit)
You miscast Kiss of Death.
You are very lightly contaminated with residual magic.
Nothing appears to happen.
You feel sick. The adder bites you.
Casting: Kiss of Death (safe; 12% risk of failure)
Confirm with . or Enter, or press ? or * to list all spells.
Aiming: Kiss of Death (safe; 12% risk of failure)
Press: ? - help, Shift-Dir - straight line, f/p - Terence
Aim: Terence, wielding a +0 hand axe and wearing a +0 scale mail (heavily wounded, paralysed, heavily drained, 100% to hit)
The negative energy hits Terence!
Terence is drained!
You kill Terence!
You feel drained. Malevolent energies surge around you.
The adder suddenly stops moving!
You feel sick.
You are too injured to fight recklessly!
The helpless adder fails to defend itself.
You hit the adder.
The adder is moderately wounded.
You feel sick.
The helpless adder fails to defend itself.
You hit the adder.
The adder is almost dead.
You feel sick.
The adder is no longer paralysed.
The adder misses you. The adder bites you.
* * * LOW HITPOINT WARNING * * *
It was a potion of flight.
You feel very buoyant.
You fly up into the air.
You die...

### ####.# #.. ......
....##########.. ......#
#..##......... !.......
#............. .....
#.###..##.........
...?..#......#########..
.....###.#..# ##..
####.S.#†#..# #>..
#....)@.†...# #..#
#..#........# #..#
##.......# #..#
#.......# #... ###...###
#### ...## # #### ### ##
##.####. #.#.....


You could see an adder.

Vanquished Creatures
  Terence (D:2)
  2 dart slugs (D:1)
  3 bats
  6 endoplasms
  A giant cockroach (D:1)
  3 hobgoblins
  2 jackals (D:1)
  4 kobolds
  2 quokkas
  3 ball pythons
  2 frilled lizards (D:1)
  2 rats (D:1)
31 creatures vanquished.

Notes
Turn   | Place    | Note
-------+----------+-------------------------------------------
     0 | D:1      | purpskrrrp the Demonspawn Reaver began the quest for the
                  | Orb.
     0 | D:1      | Reached XP level 1. HP: 16/16 MP: 3/3
   171 | D:1      | Gained mutation: You are partially covered in slimy green
                  | scales. (AC +2) [demonic ancestry]
   171 | D:1      | Reached XP level 2. HP: 22/22 MP: 5/5
   373 | D:1      | Reached skill level 1 in Necromancy
  1132 | D:2      | Gained mutation: Spells you cast may paralyse adjacent
                  | enemies. [demonic ancestry]
  1132 | D:2      | Reached XP level 3. HP: 17/27 MP: 6/6
  1505 | D:2      | Found a runed translucent door.
  1506 | D:2      | Noticed Crazy Yiuf
  1580 | D:2      | Noticed Terence
  1590 | D:2      | Killed Terence
  1592 | D:2      | HP: 1/21 [adder (4)]
  1593 | D:2      | Succumbed to an adder's poison

Illustrated notes

Levels and vault maps discovered:
D:1:      lemuel_arrival_muddy, layout_basic
D:2:      layout_loops_cross, uniq_terence, uniq_crazy_yiuf_cottage

Skill      XL: |  1  2 |
---------------+-------+-----
Necromancy     | 1 |  1.6
Axes           | 3 |  3.2
Dodging        | 2 |  2.1
Fighting       | |  2.3
Spellcasting   | |  2.2
Conjurations   | |  3.3

Action                   || total
-------------------------++-------
Melee: Hand axe          ||   111
       Punch             ||     2
 Cast: Kiss of Death     ||     2
  Use: Potion            ||     1
 Stab: Paralysed         ||     2
Armor: Leather armour    ||    42
Dodge: Dodged            ||    71

Table legend: (Time is in decaauts)
 A = Elapsed time spent in this place.
 B = Non-inter-level travel time spent in this place.
 C = Inter-level travel time spent in this place.
 D = Time resting spent in this place.
 E = Time spent auto-exploring this place.
 F = Levels seen in this place.
 G = Mean time per level.
                   A        B        C        D        E       F      G
               +--------+--------+--------+--------+--------+-----+--------+
         Total |   1611 |   1595 |     16 |      0 |   1349 |   2 |  805.5 |
       Dungeon |   1611 |   1595 |     16 |      0 |   1349 |   2 |  805.5 |
               +--------+--------+--------+--------+--------+-----+--------+

Top non-repeatable levels by time:
     D:1: 1079 daAuts
     D:2: 532 daAuts
